AoeStats
← Eugenius

Arena

509940562Analyzed
4v4 RM · 3d ago on Sep 28, 2026· 29m 43s· 8 players
Game mode
Random Map
Map size
Large (8 player)
Population
200
Speed
Normal
Resources
Standard
Victory
Conquest
Starting age
Dark Age
Ending age
Imperial Age
RankedLock teamsTeams togetherTeam positionsShared explorationLock speedFull tech treeHidden civsTurbo modeCheats
Victory
Defeat
🇵🇪 Portuguese · Peru
1692
+12
🇺🇸 Danes · United States
1616
+15
🇵🇪 Bengalis · Peru
1591
+16
🇹🇷 Italians · Türkiye
1500
+20
🇺🇸 Italians · United States
1716
-20
🇲🇽 Gurjaras · Mexico
1576
-15
🇲🇽 Berbers · Mexico
1574
-15
🇺🇸 Malay · United States
1516
-13
quesarito
7:55 Feudal Age
8:29 Double-Bit Axe
17:59 Castle Age
17:27 Horse Collar
18:34 Fletching
18:06 Crossbowman
19:27 Bodkin Arrow
19:44 Thumb Ring
21:52 Ballistics
22:57 Wheelbarrow
24:45 Padded Archer Armor
25:49 Leather Archer Armor
25:33 Elite Skirmisher
26:32 Hand Cart
28:04 Heavy Plow
César UAM
10:51 Feudal Age
14:29 Castle Age
12:38 Double-Bit Axe
14:02 Scale Barding Armor
25:34 Husbandry
25:45 Bloodlines
26:38 Forging
§Y¶# Ä
5:53 Loom
9:28 Feudal Age
12:10 Loom
15:27 Castle Age
13:31 Horse Collar
13:39 Double-Bit Axe
24:50 Husbandry
25:01 Bloodlines
24:59 Scale Barding Armor
25:33 Forging
26:17 Chain Barding Armor
PaLikaRi
11:47 Feudal Age
14:33 Castle Age
12:29 Double-Bit Axe
12:34 Horse Collar
17:00 Bow Saw
19:32 Forging
21:06 Iron Casting
20:19 Loom
20:49 Stone Mining
21:57 Fletching
24:26 Town Watch
Its Jskillz
8:45 Loom
10:55 Feudal Age
11:46 Double-Bit Axe
14:27 Castle Age
12:38 Horse Collar
20:31 Fletching
22:45 Gold Mining
24:41 Bow Saw
25:17 Scale Barding Armor
25:14 Scale Mail Armor
26:25 Chain Mail Armor
Eugenius
11:58 Feudal Age
15:47 Castle Age
16:02 Loom
Tilikoglu
10:32 Feudal Age
11:57 Double-Bit Axe
14:25 Castle Age
12:18 Horse Collar
15:35 Bow Saw
19:28 Fletching
23:30 Bodkin Arrow
24:06 Padded Archer Armor
30:40 Imperial Age
27:56 Loom
27:57 Town Watch
28:28 Heavy Plow
28:30 Gold Mining
28:32 Stone Mining
29:18 Leather Archer Armor
EXILE | TurtleS3
9:34 Feudal Age
10:09 Double-Bit Axe
10:08 Horse Collar
17:47 Castle Age
16:56 Forging
18:03 Bloodlines
18:07 Stone Mining
18:09 Gold Mining
18:05 Light Cavalry
22:33 Wheelbarrow
22:17 Husbandry
24:41 Fletching
26:39 Bodkin Arrow
27:06 Padded Archer Armor
28:15 Leather Archer Armor
29:19 Ballistics
29:08 Paiks
30:19 Hand Cart
29:59 Loom
Connection lost

Rejoining the realm…

Still unreachable

The connection could not be restored.

Session expired

The server has moved on; the page needs a fresh start.